 Dungeon Crawl Stone Soup version 0.28-a0-1128-gb845255321 (webtiles) character file.

Game seed: 10827686983801687921

3700 Gargoyl the Fighter (level 10, -4/81 HPs)
             Began as a Gnoll Abyssal Knight on Dec 12, 2021.
             Was an Elder of Lugonu.
             Slain by a two-headed ogre (24 damage)
             ... on level 7 of the Dungeon.
             The game lasted 00:09:12 (9315 turns).

Gargoyl the Fighter (Gnoll Abyssal Knight)          Turns: 9315, Time: 00:09:13

Health: -4/81      AC: 24    Str: 18    XL:     10   Next: 13%
Magic:  17/17      EV: 26    Int:  8    God:    Lugonu [****..]
Gold:   495        SH:  0    Dex: 13    Spells: 19/19 levels left

rFire   . . .      SeeInvis .   t - +7 falchion of Ottypreq {vorpal, rPois rC+}
rCold   + . .      Faith    .   (no shield)
rNeg    . . .      Spirit   .   e - +7 plate armour
rPois   +          Reflect  .   (no helmet)
rElec   .          Harm     .   (no cloak)
rCorr   .          Rampage  .   (no gloves)
Will    .....                   (no boots)
Stlth   ..........              c - amulet of the acrobat
HPRegen 0.23/turn               b - +4 ring of evasion
MPRegen 0.15/turn               j - +4 ring of protection

@: acrobatic
A: fangs 1, strong nose, distributed training, dopey 1, strong 1
a: Renounce Religion, Depart the Abyss, Bend Space, Banish, Corrupt


You were on level 7 of the Dungeon.
You worshipped Lugonu.
Lugonu was greatly pleased with you.
You visited 1 branch of the dungeon, and saw 8 of its levels.
You visited the Abyss 1 time.

You collected 495 gold pieces.

Inventory:

Hand Weapons
 a - a +5 hand axe
 t - the +7 falchion of Ottypreq (weapon) {vorpal, rPois rC+}
   (You found it on level 7 of the Dungeon)

   It inflicts extra damage upon your enemies.
   rC:        It protects you from cold.
   rPois:     It protects you from poison.
Missiles
 g - 2 javelins
 s - 17 poisoned darts (quivered)
Armour
 e - a +7 plate armour (worn)
Jewellery
 b - a +4 ring of evasion (left hand)
 c - an amulet of the acrobat (around neck)
 f - a ring of protection from cold
 j - a +4 ring of protection (right hand)
 n - a ring of poison resistance
Wands
 h - a wand of charming (5)
 m - a wand of iceblast (28)
Scrolls
 i - a scroll of silence
 l - a scroll of fear
 r - a scroll of teleportation
Potions
 d - a potion of cancellation
 k - 2 potions of curing
 p - 2 potions of heal wounds
 q - 2 potions of haste
 u - a potion of resistance


   Skills:
 + Level 8.3 Fighting
 + Level 5.0 Short Blades
 + Level 5.0 Long Blades
 + Level 6.8 Axes
 + Level 5.0 Maces & Flails
 + Level 5.0 Polearms
 + Level 5.0 Staves
 + Level 5.0 Slings
 + Level 5.0 Bows
 + Level 5.0 Crossbows
 + Level 5.0 Throwing
 + Level 6.8 Armour
 + Level 5.7 Dodging
 + Level 5.0 Stealth
 + Level 5.0 Shields
 + Level 5.0 Unarmed Combat
 + Level 5.0 Spellcasting
 + Level 4.1 Conjurations
 + Level 4.1 Hexes
 + Level 4.1 Summonings
 + Level 4.1 Necromancy
 + Level 4.1 Translocations
 + Level 4.1 Transmutations
 + Level 4.1 Fire Magic
 + Level 4.1 Ice Magic
 + Level 4.1 Air Magic
 + Level 4.1 Earth Magic
 + Level 4.1 Poison Magic
 + Level 7.2 Invocations
 + Level 5.0 Evocations


You had 19 spell levels left.
You didn't know any spells.
Your spell library contained the following spells:

 Spells                   Type           Power      Damage    Failure   Level
 Animate Skeleton         Necr           16%        N/A       82%         1
 Pain                     Necr           32%        1d5       82%         1
 Call Canine Familiar     Summ           8%         N/A       99%         3
 Portal Projectile        Hex/Tloc       16%        N/A       99%         3
 Vampiric Draining        Necr           8%         2d6       99%         3
 Leda's Liquefaction      Hex/Erth       4%         N/A       100%        4


Dungeon Overview and Level Annotations

Branches:
Dungeon (8/15)             Temple (0/1) D:5
   Lair: D:8-11

Altars:
Dithmenos
Elyvilon
Gozag
Makhleb
Wu Jian
Zin
Beogh

Shops:
D:5 *

Annotations:
D:3 2 transporters


Innate Abilities, Weirdness & Mutations

You have very sharp teeth.
Your uncanny sense of smell can sniff out nearby items.
Your experience applies equally to all skills.
You are dopey. (Int -2)
Your muscles are strong. (Str +2)


Message History

The two-headed ogre closely misses you.
The two-headed ogre hits you but does no damage.
You barely miss the two-headed ogre.
The two-headed ogre is moderately wounded.
The two-headed ogre closely misses you.
The two-headed ogre completely misses you.
You closely miss the two-headed ogre.
The two-headed ogre is moderately wounded.
The two-headed ogre hits you with a +0 giant club!
The two-headed ogre hits you with a +0 giant club.
Your plate armour prevents you from hitting the two-headed ogre.
The two-headed ogre is moderately wounded.
The two-headed ogre closely misses you. The two-headed ogre barely misses you.
You slash the two-headed ogre!
The two-headed ogre is heavily wounded.
You hit the two-headed ogre.
The two-headed ogre is severely wounded.
The two-headed ogre hits you with a +0 giant club.
The two-headed ogre hits you with a +0 giant club!
* * * LOW HITPOINT WARNING * * *
You hit the two-headed ogre.
The two-headed ogre is severely wounded.
The two-headed ogre closely misses you.
The two-headed ogre hits you with a +0 giant club!
* * * LOW HITPOINT WARNING * * *
You slash the two-headed ogre!
The two-headed ogre is almost dead.
The two-headed ogre misses you.
The two-headed ogre hits you but does no damage.
There is an open door here.
Throw: 18 darts (poison)
Press: ? - help, Q - select action, (/) - cycle Shift-Dir - straight line, f - two-headed ogre
Aim: a two-headed ogre, wielding two +0 giant clubs (almost dead, 77% to hit)
You throw a poisoned dart.
The poisoned dart hits the two-headed ogre.
The two-headed ogre is poisoned.
The two-headed ogre is almost dead.
The two-headed ogre looks more healthy.
The two-headed ogre hits you with a +0 giant club!!
You die...

.♣.............# P♣#............#
.♣#.......)....# .P#............#
..###########.###
≈≈..............#
≈≈..............#
.##.............#################
.##............O@................
.##.............################.
(##.........################## ##
>.'(........####.............####
###.........#(##8....8..8..8..8##
#.........#.[#8...............#
#.........#_('............)...)
#.........#..#8...............#
#..?......#.##8....8..8..8..8##


You could see a two-headed ogre.

Vanquished Creatures
  Sigmund (D:3)
  2 water moccasins (D:7)
  4 orc warriors
  3 sky beasts
  An ice beast (D:5)
  3 ogres
  2 centaurs
  A phantom (D:5)
  3 bullfrogs
  2 scorpions
  A water moccasin zombie (D:5)
  2 water moccasin skeletons (D:6)
  5 wights
  The ghost of BinkBink the Skirmisher, a weakling DsCK of Xom (D:3)
  2 bullfrog zombies
  4 hounds
  A gnoll shaman (D:4)
  A jelly (D:5)
  3 orc priests
  2 centaur skeletons
  3 iron imps (D:4)
  2 bullfrog skeletons (D:7)
  7 iguanas
  Ijyb (D:5)
  Terence (D:2)
  5 orc wizards
  3 gnolls (D:4)
  12 adders
  A shadow imp (D:5)
  An ufetubus (D:5)
  2 adder skeletons
  3 worms
  2 dart slugs
  27 orcs
  2 ball pythons
  6 bats
  5 endoplasms
  9 giant cockroaches
  12 goblins
  12 hobgoblins
  4 kobolds
  2 quokkas
  3 frilled lizards (D:1)
  5 rats
174 creatures vanquished.

Vanquished Creatures (collateral kills)
  A centaur (D:6)
  A jelly (D:6)
2 creatures vanquished.

Vanquished Creatures (others)
  A butterfly (D:7)
  A plant (D:2)
2 creatures vanquished.

Grand Total: 178 creatures vanquished

Notes
Turn   | Place    | Note
-------+----------+-------------------------------------------
     0 | Abyss:1  | Gargoyl the Gnoll Abyssal Knight began the quest for the
                  | Orb.
     0 | Abyss:1  | Reached XP level 1. HP: 23/23 MP: 3/3
    24 | Abyss:1  | Found a corrupted altar of Lugonu.
    84 | Abyss:1  | Found a corrupted altar of Lugonu.
   179 | Abyss:1  | Noticed a neqoxec
   179 | Abyss:1  | Gained mutation: Your magical capacity is low. (-10% MP) [a
                  | neqoxec]
   180 | Abyss:1  | Identified a scroll of acquirement
   180 | Abyss:1  | Acquired an amulet of the acrobat
   181 | Abyss:1  | Gained mutation: You are frail. (-10% HP) [a neqoxec]
   182 | D:1      | Escaped the Abyss
   459 | D:1      | Reached XP level 2. HP: 22/26 MP: 4/4
   538 | D:1      | Found a faded altar of an unknown god.
   541 | D:1      | Reached * piety under Lugonu
   903 | D:1      | Reached XP level 3. HP: 31/31 MP: 5/5
  1423 | D:2      | Reached skill level 1 in Short Blades
  1423 | D:2      | Reached skill level 1 in Long Blades
  1423 | D:2      | Reached skill level 1 in Maces & Flails
  1423 | D:2      | Reached skill level 1 in Polearms
  1423 | D:2      | Reached skill level 1 in Staves
  1423 | D:2      | Reached skill level 1 in Slings
  1423 | D:2      | Reached skill level 1 in Bows
  1423 | D:2      | Reached skill level 1 in Crossbows
  1423 | D:2      | Reached skill level 1 in Throwing
  1423 | D:2      | Reached skill level 1 in Stealth
  1423 | D:2      | Reached skill level 1 in Shields
  1423 | D:2      | Reached skill level 1 in Unarmed Combat
  1423 | D:2      | Reached skill level 1 in Spellcasting
  1423 | D:2      | Reached skill level 1 in Evocations
  1876 | D:2      | Reached XP level 4. HP: 36/36 MP: 6/6
  1888 | D:2      | Noticed Terence
  1906 | D:2      | Killed Terence
  1907 | D:2      | Reached skill level 1 in Conjurations
  1907 | D:2      | Reached skill level 1 in Hexes
  1907 | D:2      | Reached skill level 1 in Summonings
  1907 | D:2      | Reached skill level 1 in Necromancy
  1907 | D:2      | Reached skill level 1 in Translocations
  1907 | D:2      | Reached skill level 1 in Transmutations
  1907 | D:2      | Reached skill level 1 in Fire Magic
  1907 | D:2      | Reached skill level 1 in Ice Magic
  1907 | D:2      | Reached skill level 1 in Air Magic
  1907 | D:2      | Reached skill level 1 in Earth Magic
  1907 | D:2      | Reached skill level 1 in Poison Magic
  2588 | D:3      | Found a transporter.
  2602 | D:3      | Found a transporter.
  2622 | D:3      | Found a runed translucent gate.
  2622 | D:3      | Found a runed translucent gate.
  2622 | D:3      | Found a runed translucent gate.
  2624 | D:3      | Found an opulent altar of Gozag.
  2625 | D:3      | Noticed BinkBink's ghost (weakling DsCK)
  2704 | D:3      | Reached XP level 5. HP: 40/42 MP: 7/7
  2889 | D:3      | Reached ** piety under Lugonu
  3067 | D:3      | Noticed Sigmund
  3093 | D:3      | Killed Sigmund
  3094 | D:3      | Reached skill level 5 in Axes
  3094 | D:3      | Reached skill level 5 in Armour
  3094 | D:3      | Reached skill level 5 in Invocations
  3094 | D:3      | Reached XP level 6. HP: 45/47 MP: 8/8
  3210 | D:3      | Found an ornate altar of the Wu Jian Council.
  3217 | D:3      | Noticed a spectral centipede
  3217 | D:3      | Noticed a spectral black mamba
  3217 | D:3      | Noticed a spectral cane toad
  3290 | D:3      | Killed BinkBink's ghost
  3494 | D:3      | Reached XP level 7. HP: 36/53 MP: 9/9
  3817 | D:4      | Found a burning altar of Makhleb.
  3842 | D:4      | Reached skill level 7 in Fighting
  4426 | D:4      | Reached *** piety under Lugonu
  4601 | D:5      | Entered Level 5 of the Dungeon
  4777 | D:5      | Noticed Ijyb
  4784 | D:5      | Reached XP level 8. HP: 60/60 MP: 11/11
  4790 | D:5      | Killed Ijyb
  5190 | D:5      | Found Zin's Purification Station.
  5193 | D:5      | Found a glowing silver altar of Zin.
  5446 | D:5      | Found a staircase to the Ecumenical Temple.
  6158 | D:5      | Reached XP level 9. HP: 17/64 MP: 8/13
  7406 | D:7      | Reached **** piety under Lugonu
  7407 | D:7      | Reached skill level 5 in Dodging
  7812 | D:7      | Reached skill level 8 in Fighting
  8429 | D:7      | Found a white marble altar of Elyvilon.
  8449 | D:7      | Identified the +7 falchion of Ottypreq {vorpal, rPois rC+}
  8491 | D:7      | Found a runed translucent door.
  8541 | D:7      | Found a shadowy altar of Dithmenos.
  8847 | D:7      | Reached XP level 10. HP: 65/72 MP: 15/15
  9125 | D:8      | Lost mutation: Your magical capacity is low. (-10% MP)
                  | [potion of mutation]
  9125 | D:8      | Lost mutation: You are frail. (-10% HP) [potion of
                  | mutation]
  9125 | D:8      | Gained mutation: You are dopey. (Int -2) [potion of
                  | mutation]
  9125 | D:8      | Gained mutation: Your muscles are strong. (Str +2) [potion
                  | of mutation]
  9195 | D:8      | Reached skill level 5 in Short Blades
  9195 | D:8      | Reached skill level 5 in Long Blades
  9195 | D:8      | Reached skill level 5 in Maces & Flails
  9195 | D:8      | Reached skill level 5 in Polearms
  9195 | D:8      | Reached skill level 5 in Staves
  9195 | D:8      | Reached skill level 5 in Slings
  9195 | D:8      | Reached skill level 5 in Bows
  9195 | D:8      | Reached skill level 5 in Crossbows
  9195 | D:8      | Reached skill level 5 in Throwing
  9195 | D:8      | Reached skill level 5 in Stealth
  9195 | D:8      | Reached skill level 5 in Shields
  9195 | D:8      | Reached skill level 5 in Unarmed Combat
  9195 | D:8      | Reached skill level 5 in Spellcasting
  9195 | D:8      | Reached skill level 5 in Evocations
  9249 | D:8      | Noticed a two-headed ogre
  9315 | D:7      | Slain by a two-headed ogre

Illustrated notes

Levels and vault maps discovered:
D:1:      wander_arrival_lonely_grave, layout_basic,
          ebering_ecumenical_altar_sacrificial
D:2:      layout_loops_ring, serial_forest, infiniplex_forest_straight_2,
          infiniplex_forest_clump_medium, infiniplex_forest_end_double,
          infiniplex_forest_end_1, infiniplex_forest_zigzag_1,
          infiniplex_forest_lined_2, infiniplex_forest_clump_tiny, uniq_terence
D:3:      gammafunk_wand_slinger, layout_loops_ring,
          pdpol_wu_jian_five_deadly_venoms, ebering_ghost_gozag,
          chequers_serial_rivers_micro_c, uniq_sigmund
D:4:      cheibrodos_greedy_goblins, layout_basic, demons_altar,
          hangedman_decor_riveting
D:5:      layout_cave_pools, zin_purify, minmay_temple_entry_junction, uniq_ijyb
D:6:      layout_layer_cave
D:7:      layout_basic, nicolae_elyvilon_peaceful_grove,
          grunt_dithmenos_smoke_and_mirrors, lightli_church_of_beogh
D:8:      layout_basic, beargit_hepliaklqana_dungeon_heroes,
          minmay_misc_feat_alley, kennysheep_boxes, uniq_psyche, uniq_pikel

Skill      XL: |  1  2  3  4  5  6  7  8  9 10 |
---------------+-------------------------------+-----
Short Blades   | 1 2 3 4 5 |  5.0
Long Blades    | 1 2 3 4 5 |  5.0
Maces & Flails | 1 2 3 4 5 |  5.0
Polearms       | 1 2 3 4 5 |  5.0
Staves         | 1 2 3 4 5 |  5.0
Slings         | 1 2 3 4 5 |  5.0
Bows           | 1 2 3 4 5 |  5.0
Crossbows      | 1 2 3 4 5 |  5.0
Throwing       | 1 2 3 4 5 |  5.0
Stealth        | 1 2 3 4 5 |  5.0
Shields        | 1 2 3 4 5 |  5.0
Unarmed Combat | 1 2 3 4 5 |  5.0
Spellcasting   | 1 2 3 4 5 |  5.0
Evocations     | 1 2 3 4 5 |  5.0
Conjurations   | 1 2 3 4 |  4.1
Hexes          | 1 2 3 4 |  4.1
Summonings     | 1 2 3 4 |  4.1
Necromancy     | 1 2 3 4 |  4.1
Translocations | 1 2 3 4 |  4.1
Transmutations | 1 2 3 4 |  4.1
Fire Magic     | 1 2 3 4 |  4.1
Ice Magic      | 1 2 3 4 |  4.1
Air Magic      | 1 2 3 4 |  4.1
Earth Magic    | 1 2 3 4 |  4.1
Poison Magic   | 1 2 3 4 |  4.1
Dodging        | 3 4 5 |  5.7
Axes           | 5 6 |  6.8
Armour         | 5 6 |  6.8
Invocations    | 5 6 7 |  7.2
Fighting       | 7 8 |  8.3

Action                   |  1- 3 |  4- 6 |  7- 9 | 10-12 || total
-------------------------+-------+-------+-------+-------++-------
Melee: Hand axe          |    89 |   158 |   494 |       ||   741
       Bite              |     7 |    19 |    75 |    10 ||   111
       Punch             |     1 |     1 |    12 |     3 ||    17
       Falchion          |       |       |    45 |    82 ||   127
Throw: Dart              |       |       |       |     1 ||     1
Invok: Depart the Abyss  |     1 |       |       |       ||     1
       Banish            |       |       |     1 |       ||     1
  Use: Scroll            |     7 |     3 |     9 |     6 ||    25
       Potion            |       |     1 |     2 |     1 ||     4
Armor: Leather armour    |    10 |       |       |       ||    10
       Plate armour      |    54 |    83 |   387 |    28 ||   552
       Skin              |       |     3 |       |       ||     3
Dodge: Dodged            |   102 |    78 |   349 |    41 ||   570

Table legend: (Time is in decaauts)
 A = Elapsed time spent in this place.
 B = Non-inter-level travel time spent in this place.
 C = Inter-level travel time spent in this place.
 D = Time resting spent in this place.
 E = Time spent auto-exploring this place.
 F = Levels seen in this place.
 G = Mean time per level.
                   A        B        C        D        E       F      G
               +--------+--------+--------+--------+--------+-----+--------+
         Total |   9365 |   9181 |    184 |   1028 |   6272 |   9 | 1040.6 |
       Dungeon |   9183 |   8999 |    184 |   1028 |   6098 |   8 | 1147.9 |
         Abyss |    182 |    182 |      0 |      0 |    174 |   1 |  182.0 |
               +--------+--------+--------+--------+--------+-----+--------+

Top non-repeatable levels by time:
     D:7: 1767 daAuts
     D:5: 1617 daAuts
     D:2: 1315 daAuts
     D:6: 1178 daAuts
     D:3: 1076 daAuts
     D:4: 1034 daAuts
     D:1: 1023 daAuts
 Abyss:1: 182 daAuts
     D:8: 169 daAuts
